cohdb
Replays
Latest Replays
All Replays
Popular Replays
Top Player Replays
Match Explorer
How It Works
Community
CoH3 Stats
Reddit
Sign in to upload your games and track your stats! →
Sign in with Steam
Match 39588787
Unlisted
Match 39588787
Overview
Messages
Build Orders
End
Pioneer Squad
Construct Infanterie Kompanie
Construct Infanterie Kompanie
MG 42 Machine Gun Team
Grenadier Squad
Construct Panzergrenadier Kompanie
Construct Luftwaffe Kompanie
Jäger Squad
MG 42 Bunker
Support Elements
Wirbelwind Flakpanzer
Medical Station
Selects Terror Battlegroup
Selects Terror Battlegroup
Kanade
恐虐座下第一小恐龙
楚云飞
子清
돈이사라지는마술
ForestJun
cocopang
HackerBlack_Sunday
0
0
Comments
sign in to comment!
No comments posted yet!